 Dungeon Crawl Stone Soup version 0.30-b1-2-g02819fbbbe (webtiles) character file.

Game seed: 1693529583960490374

8355 nightchill the Severer (level 11, -4/157 HPs)
             Began as a Minotaur Fighter on Oct 12, 2023.
             Was an Initiate of Gozag.
             Slain by Segg's ghost (7 damage)
             ... on level 1 of the Orcish Mines on Oct 22, 2023.
             The game lasted 00:15:26 (10431 turns).

nightchill the Severer (Minotaur Fighter)          Turns: 10431, Time: 00:15:27

Health: -4/157     AC: 25    Str: 25    XL:     11   Next: 8%
Magic:  10/10      EV:  2    Int:  5    God:    Gozag
Gold:   506        SH:  8    Dex: 10    Spells: 10/10 levels left

rFire   + . .        a - +0 war axe
rCold   + . .        B - +0 kite shield
rNeg    . . .        d - melded +2 plate armour {rC+}
rPois   +            (helmet currently unavailable)
rElec   +            F - melded +0 cloak
rCorr   +            (gloves currently unavailable)
SInv    .            q - melded +2 pair of boots
Will    +....        (no amulet)
Stlth   +            p - ring of flight
HPRegen 0.46/turn    D - ring of willpower
MPRegen 0.12/turn

%: no passive effects
@: mighty, tree-form, resistant, afraid, on berserk cooldown, slowed, invisible
(expiring), very slow
A: stationary, stasis, torment immunity, boosted hp, (horns 2), (retaliatory
headbutt)
a: End Transformation, Renounce Religion, Potion Petition, Call Merchant, Bribe
Branch


You were on level 1 of the Orcish Mines.
You worshipped Gozag.
Gozag was pleased with you.
You were a tree.
You visited 3 branches of the dungeon, and saw 11 of its levels.
You also visited: Sewer.

You collected 2229 gold pieces.
You paid 1723 gold pieces to Gozag.

Inventory:

Hand Weapons
 a - a +0 war axe (weapon)
Armour
 b - a +0 scale mail
 c - a +0 buckler
 d - a +2 plate armour of cold resistance (melded)
 f - a +1 chain mail
 q - a +2 pair of boots (melded)
 B - a +0 kite shield (worn)
 F - a +0 cloak (melded)
 J - +0 acid dragon scales
 O - a +0 tower shield
Jewellery
 p - a ring of flight (left branch)
 D - a ring of willpower (right branch)
 M - a ring of fire
Wands
 v - a wand of flame (67)
 y - a wand of iceblast (13)
 I - a wand of paralysis (9)
 L - a wand of mindburst (19)
Scrolls
 g - 7 scrolls of noise
 j - 5 scrolls of fear
 l - 5 scrolls of teleportation
 m - a scroll of blinking {unknown}
 n - a scroll of amnesia
 o - a scroll of acquirement {unknown}
 t - 3 scrolls of enchant weapon {unknown}
 u - 2 scrolls of magic mapping
 w - 2 scrolls of poison
 z - a scroll of summoning {unknown}
 A - 4 scrolls of enchant armour
 E - 4 scrolls of fog {unknown}
 K - a scroll of vulnerability {unknown}
 N - a scroll of identify
Potions
 e - 4 potions of curing
 h - 5 potions of mutation
 i - 4 potions of flight
 k - a potion of resistance
 r - 3 potions of degeneration {unknown}
 x - 4 potions of brilliance
 C - a potion of lignification {unknown}
 G - a potion of attraction {unknown}
 H - 3 potions of haste {unknown}


   Skills:
 + Level 12.4 Fighting
 - Level 16.0 Axes
 * Level 4.7 Armour
 * Level 4.7 Shields


You had 10 spell levels left.
You didn't know any spells.
Your spell library contained the following spells:

 Spells                   Type           Power      Damage    Failure   Level
 Necrotise                Necr           0%         1d4       71%         1
 Slow                     Hex            0%         N/A       71%         1
 Confusing Touch          Hex            0%         N/A       97%         3
 Hailstorm                Conj/Ice       0%         3d3       97%         3
 Vampiric Draining        Necr           0%         2d6       97%         3
 Vhi's Electric Charge    Tloc/Air       0%         N/A       97%         3
 Ice Form                 Ice/Tmut       0%         N/A       100%        4
 Agony                    Necr           0%         N/A       100%        5
 Arcjolt                  Conj/Air       0%         1d10      100%        5
 Plasma Beam              Fire/Air       0%         2x1d11    100%        6
 Borgnjor's Revivificati  Necr           0%         N/A       100%        8
 Necromutation            Tmut/Necr      0%         N/A       100%        8
 Death's Door             Necr           0%         N/A       100%        9
 Simulacrum               Ice/Necr       Unusable   N/A       N/A         6

Dungeon Overview and Level Annotations

Branches:
Dungeon (9/15)             Temple (1/1) D:6            Lair (0/5) D:8
    Orc (1/2) D:9           Sewer (visited)

Altars:
Cheibriados
Dithmenos
Elyvilon
Fedhas
Gozag
Hepliaklqana
Kikubaaqudgha
Makhleb
Nemelex Xobeh
Okawaru
Qazlal
Ru
Sif Muna
Trog
Uskayaw
Vehumet
Wu Jian
Xom
Yredelemnul
Zin
The Shining One

Shops:
D:4 *

Annotations:
D:4 exclusion: downstairs
D:8 2 runed translucent doors, 1 transporter, exclusion: downstairs, Killmatronix's ghost, novice KoFi
Orc:1 Segg's ghost, adept GnSk


Innate Abilities, Weirdness & Mutations

You are a tree.
Your roots penetrate the ground, keeping you stationary.
You cannot be teleported.
You are immune to unholy pain and torment.
Your maximum health is greatly increased.
Your equipment is partially melded.
((You have a pair of horns on your head.))
((You reflexively headbutt those who attack you in melee.))


Message History

You completely miss Segg's ghost.
Segg's ghost is moderately damaged.
You are covered in liquid flames!
* * * LOW HITPOINT WARNING * * *
Your fear fades away.
Segg's ghost mumbles some strange words.
Segg's ghost radiates an aura of fear!
You are terrified of Segg's ghost!
Segg's ghost sprays you with burning goo.
The sticky flame hits you but does no damage.
You are covered in liquid flames!
You hit Segg's ghost.
Segg's ghost is heavily damaged.
You are covered in liquid flames!
* * * LOW HITPOINT WARNING * * *
Segg's ghost stares at you. Segg's ghost hits you.
* * * LOW HITPOINT WARNING * * *
You barely miss Segg's ghost.
Segg's ghost is heavily damaged.
You are covered in liquid flames!
* * * LOW HITPOINT WARNING * * *
You block Segg's ghost's attack.
You closely miss Segg's ghost.
Segg's ghost is moderately damaged.
You are covered in liquid flames!
* * * LOW HITPOINT WARNING * * *
Segg's ghost barely misses you.
You hit Segg's ghost.
Segg's ghost is heavily damaged.
You are covered in liquid flames!
* * * LOW HITPOINT WARNING * * *
You flicker for a moment.
You are no longer on fire.
You block Segg's ghost's attack.
You completely miss Segg's ghost.
Segg's ghost is moderately damaged.
Segg's ghost hits you!
You die...
Your body crumbles into a pile of gold.

.......#....##
............##
.........#...##
........##....#
.............## ####
##...#...#....# #..###
.##......###.######..#)##
.....##.######.#.#...'_.#
....###.##..#...♣W...#:##
...###...........#...###
#...###.##........####
##.###...####.##.## ###
##.## ###### ###


You could see Segg's ghost (scary).

Vanquished Creatures
  A dancing weapon (Orc:1)
  A two-headed ogre (D:9)
  Pikel (D:6)
  Maggie (D:7)
  A rime drake (D:8)
  A troll (D:9)
  A hornet (D:9)
  4 yaks (D:8)
  Sigmund (D:6)
  A steam dragon (D:7)
  Duvessa (D:7)
  3 black bears
  9 orc warriors
  6 ice beasts
  2 sky beasts
  6 ogres
  3 wolves (D:8)
  4 lemures (D:6)
  2 centaurs
  3 kobold brigands
  A scorpion (D:5)
  2 bullfrogs
  A gnoll sergeant (D:4)
  Dowan (D:7)
  6 killer bees
  2 howler monkeys (D:8)
  An electric eel (D:7)
  A hound (D:6)
  3 jellies
  15 orc priests
  2 sleepcaps
  Ijyb (D:4)
  9 orc wizards
  An iguana (D:4)
  19 gnolls
  6 adders
  3 shadow imps
  A white imp (D:6)
  43 orcs
  7 ball pythons
  4 endoplasms
  5 giant cockroaches
  6 goblins
  3 hobgoblins
  7 jackals
  3 bats
  4 frilled lizards
  12 kobolds
  11 rats
232 creatures vanquished.

Notes
Turn   | Place    | Note
-------+----------+-------------------------------------------
     0 | D:1      | nightchill the Minotaur Fighter began the quest for the
                  | Orb.
     0 | D:1      | Reached XP level 1. HP: 19/19 MP: 0/0
    32 | D:1      | Reached skill level 3 in Axes
    48 | D:1      | Reached XP level 2. HP: 27/27 MP: 1/1
   757 | D:2      | Reached XP level 3. HP: 32/33 MP: 2/2
   759 | D:2      | Reached skill level 4 in Axes
   945 | D:2      | Found a faded altar of an unknown god.
  1081 | D:2      | Reached XP level 4. HP: 41/41 MP: 3/3
  1131 | D:2      | Found an opulent altar of Gozag.
  1150 | D:2      | Became a worshipper of Gozag Ym Sagoz the Greedy
  1708 | D:3      | Found a glowing drain.
  1726 | Sewer    | Entered a sewer
  1798 | Sewer    | Noticed a kobold brigand
  1799 | Sewer    | Noticed a kobold brigand
  1807 | Sewer    | Killed a kobold brigand
  1808 | Sewer    | Reached skill level 5 in Fighting
  1808 | Sewer    | Reached skill level 5 in Axes
  1808 | Sewer    | Reached XP level 5. HP: 27/48 MP: 4/4
  1821 | Sewer    | Reached skill level 6 in Axes
  1972 | Sewer    | Found a white marble altar of Elyvilon.
  2154 | D:3      | Found a shimmering altar of Xom.
  2154 | D:3      | Found a shadowy altar of Dithmenos.
  2154 | D:3      | Found a stormy altar of Qazlal.
  2364 | D:4      | Reached XP level 6. HP: 31/56 MP: 5/5
  2481 | D:4      | Noticed Ijyb
  2502 | D:4      | Killed Ijyb
  2503 | D:4      | Reached skill level 7 in Axes
  2596 | D:4      | Identified the +8 dagger of the Dragonfly {venom, Drain
                  | rN+++ Dex+5}
  2602 | D:4      | Found Taygyxen's Lightly-Used Armoury.
  2754 | D:4      | Found Ratah's Assorted Antiques.
  2852 | D:5      | Entered Level 5 of the Dungeon
  2856 | D:5      | Reached XP level 7. HP: 61/64 MP: 6/6
  3237 | D:4      | Reached skill level 8 in Axes
  3710 | D:5      | Reached skill level 9 in Axes
  4081 | D:6      | Reached XP level 8. HP: 66/73 MP: 7/7
  4314 | D:6      | Reached skill level 10 in Axes
  4434 | D:6      | Noticed Pikel
  4450 | D:6      | Killed Pikel
  4451 | D:6      | Reached skill level 11 in Axes
  4927 | D:6      | Found a staircase to the Ecumenical Temple.
  4931 | Temple   | Entered the Ecumenical Temple
  4979 | D:6      | Noticed Sigmund
  5010 | D:6      | Killed Sigmund
  5011 | D:6      | Reached XP level 9. HP: 66/83 MP: 8/8
  5785 | D:7      | Reached skill level 12 in Axes
  5859 | D:7      | Found a basalt altar of Yredelemnul.
  6142 | D:7      | Found a burning altar of Makhleb.
  6145 | D:7      | Found an opulent altar of Gozag.
  6348 | D:7      | Noticed Dowan
  6349 | D:7      | Noticed Duvessa
  6360 | D:7      | Killed Duvessa
  6367 | D:7      | Killed Dowan
  6703 | D:7      | Noticed Maggie
  6719 | D:7      | Killed Maggie
  6720 | D:7      | Reached skill level 10 in Fighting
  6720 | D:7      | Reached skill level 13 in Axes
  7458 | D:8      | Noticed a rime drake
  7468 | D:8      | Killed a rime drake
  7469 | D:8      | Reached skill level 14 in Axes
  7469 | D:8      | Reached XP level 10. HP: 92/94 MP: 9/9
  7478 | D:8      | Found a staircase to the Lair.
  7795 | D:8      | Found a large runed translucent door.
  7798 | D:8      | Found a large runed translucent door.
  7804 | D:8      | Noticed Killmatronix's ghost (novice KoFi)
  7890 | D:8      | Found a transporter.
  8474 | D:9      | Reached skill level 15 in Axes
  8774 | D:9      | Paralysed by a hornet for 1 turns
  9189 | D:9      | Found a staircase to the Orcish Mines.
  9544 | Orc:1    | Entered Level 1 of the Orcish Mines
  9550 | Orc:1    | Noticed a two-headed ogre
  9799 | D:9      | Killed a two-headed ogre
  9800 | D:9      | Reached skill level 16 in Axes
 10146 | Orc:1    | Reached XP level 11. HP: 102/105 MP: 10/10
 10261 | Orc:1    | Found a runed translucent door.
 10262 | Orc:1    | Found a shimmering altar of Xom.
 10262 | Orc:1    | Noticed Segg's ghost (adept GnSk)
 10262 | Orc:1    | Noticed a +2 quarterstaff of chaos
 10376 | Orc:1    | Killed a +2 quarterstaff of chaos
 10428 | Orc:1    | HP: 7/157 [burnt (1)]
 10430 | Orc:1    | HP: 2/157 [burnt (5)]
 10431 | Orc:1    | Slain by Segg's ghost

Illustrated notes

Levels and vault maps discovered:
D:1:      minmay_arrival_checkered_box, layout_loops_ring
D:2:      layout_rooms, ebering_ecumenical_altar_mist, basic_altar
D:3:      layout_rooms, gammafunk_temple_overflow_claw, portal_sewer_entry_c,
          kennysheep_another_room
D:4:      layout_rooms, serial_shops, nicolae_shop_tiny_statue_garden,
          minmay_shop_damaged, uniq_ijyb
D:5:      layout_rooms
D:6:      layout_layer_cave, minmay_temple_entry_trees, uniq_pikel, uniq_sigmund
D:7:      layout_basic, mainiacjoe_overflow_brackets, nicolae_overflow_squiral,
          uniq_maggie, uniq_duvessa
D:8:      layout_loops_cross, hellmonk_lair_entry_icy,
          ebering_ghost_disaster_area, nicolae_diode_basic
D:9:      layout_rooms, david_orc_5
Temple:   nicolae_temple_no_exploring_needed
Orc:1:    layout_caves, ebering_ghost_xom, uniq_harold, uniq_erolcha

Skill      XL: |  1  2  3  4  5  6  7  8  9 10 |
---------------+-------------------------------+-----
Axes           | 3 4 5 6 7 9 11 14 16 | 16.0
Fighting       | 4 5 6 7 9 10 12 | 12.4
Armour         | 4 |  4.7
Shields        | 4 |  4.7

Action                     |  1- 3 |  4- 6 |  7- 9 | 10-12 || total
---------------------------+-------+-------+-------+-------++-------
  Melee: War axe           |    53 |   112 |   266 |   248 ||   679
         Headbutt          |     5 |    16 |    36 |    50 ||   107
 Invoke: Potion Petition   |       |       |       |     4 ||     4
    Use: Scroll            |       |       |    10 |       ||    10
         Potion            |       |       |     3 |     6 ||     9
   Stab: Distracted        |       |       |     1 |     3 ||     4
 Armour: Scale mail        |     7 |       |       |       ||     7
         Chain mail        |    24 |    57 |   169 |    57 ||   307
         Plate armour      |       |       |       |    39 ||    39
         Skin              |       |       |       |     2 ||     2
  Dodge: Dodged            |    20 |    40 |    77 |    34 ||   171
  Block: Buckler           |    11 |    22 |     2 |       ||    35
         Kite shield       |       |       |    80 |    92 ||   172
